 Dungeon Crawl Stone Soup version 0.27-a0-1378-gdefffd1ff6 (webtiles) character file.

Game seed: 17308402022277251746

366 tsouns the Cudgeller (level 6, 0/66 HPs)
             Began as a Gargoyle Chaos Knight on June 29, 2021.
             Was a Plaything of Xom.
             Slain by a gnoll sergeant (9 damage)
             ... on level 5 of the Dungeon.
             The game lasted 00:06:24 (4201 turns).

tsouns the Cudgeller (Gargoyle Chaos Knight)        Turns: 4201, Time: 00:06:25

Health: 0/66       AC: 13    Str: 18    XL:     6   Next: 68%
Magic:  6/6        EV:  7    Int: 10    God:    Xom [...*..]
Gold:   122        SH:  0    Dex:  9    Spells: 5/5 levels left

rFire    + . .     SeeInvis .   h - +0 flail
rCold    . . .     Faith    .   (no shield)
rNeg     + . .     Spirit   .   k - +0 chain mail
rPois    ∞         Reflect  .   (helmet restricted)
rElec    +         Harm     .   (no cloak)
rCorr    .         Rampage  .   (no gloves)
Will     .....                  (no boots)
Stlth    ..........             o - amulet of regeneration
HPRegen  1.21/turn              (no ring)
MPRegen  0.10/turn              (no ring)

@: berserking, very quick
A: sickness immunity, AC +4, negative energy resistance 1, electricity
resistance, torment resistance 1, petrification resistance, antennae 1, dopey 1,
fire resistance 1, robust 1, evolution 1
a: Renounce Religion


You were on level 5 of the Dungeon.
You worshipped Xom.
You were a favourite toy of Xom.
You visited 1 branch of the dungeon, and saw 5 of its levels.

You collected 207 gold pieces.
You spent 85 gold pieces at shops.

Inventory:

Hand Weapons
 a - a +0 mace of chaos
 h - a +0 flail (weapon)
 j - a +2 short sword of electrocution
 q - a +0 mace
Missiles
 g - 4 javelins (quivered)
Armour
 b - a +2 leather armour
 k - a +0 chain mail (worn)
Jewellery
 f - a ring of ice
 o - an amulet of regeneration (around neck)
Scrolls
 l - 4 scrolls of teleportation
Potions
 d - 3 potions of curing
 e - a potion of attraction
 s - a potion of mutation {unknown}


   Skills:
 + Level 4.8 Fighting
 * Level 5.5 Maces & Flails
 + Level 4.2 Armour
 - Level 0.7 Dodging


You had 5 spell levels left.
You didn't know any spells.
Your spell library contained the following spells:

 Spells                   Type           Power      Damage    Failure   Level
 Summon Small Mammal      Summ           0%         N/A       99%         1
 Call Imp                 Summ           0%         N/A       100%        2
 Call Canine Familiar     Summ           0%         N/A       100%        3
 Summon Guardian Golem    Hex/Summ       0%         N/A       100%        3
 Summon Ice Beast         Ice/Summ       0%         N/A       100%        4
 Summon Lightning Spire   Summ/Air       0%         N/A       100%        4


Dungeon Overview and Level Annotations

Branches:
Dungeon (5/15)
 Temple: D:4-7

Altars:
Elyvilon
Gozag
Qazlal
Xom

Shops:
D:2 ?


Innate Abilities, Weirdness & Mutations

You are immune to sickness and miasma.
Your stone body is resilient. (AC +4)
You are immune to poison.
You resist negative energy. (rN+)
You are resistant to electric shocks. (rElec)
You are resistant to unholy torment.
You are immune to petrification.
You have a pair of small antennae on your head.
You are dopey. (Int -2)
Your flesh is heat resistant. (rF+)
You are robust. (+10% HP)
You evolve.


Message History

The gnoll hits your iron imp with a +0 whip.
The gnoll sergeant hits you with a +0 trident.
You hit the gnoll sergeant.
The gnoll sergeant is severely wounded.
The gnoll barely misses your iron imp.
The gnoll sergeant hits you with a +0 trident!
* * * LOW HITPOINT WARNING * * *
Your chain mail prevents you from hitting the gnoll sergeant.
The gnoll sergeant is severely wounded.
The gnoll hits your iron imp with a +0 whip.
Your iron imp barely misses the gnoll.
The gnoll sergeant hits you but does no damage.
You feel better. The gnoll barely misses your iron imp.
The gnoll sergeant hits you with a +0 trident!
* * * LOW HITPOINT WARNING * * *
Your iron imp closely misses the gnoll.
It was a potion of berserk rage.
A red film seems to cover your vision as you go berserk!
You feel yourself moving faster!
You feel mighty!
The gnoll hits your iron imp with a +0 whip.
The gnoll sergeant hits you with a +0 trident!
* * * LOW HITPOINT WARNING * * *
Your iron imp hits the gnoll!
The gnoll dies!
You closely miss the gnoll sergeant.
The gnoll sergeant is severely wounded.
The gnoll sergeant hits you with a +0 trident!
* * * LOW HITPOINT WARNING * * *
You barely miss the gnoll sergeant.
The gnoll sergeant is severely wounded.
You barely miss the gnoll sergeant.
The gnoll sergeant is severely wounded.
The gnoll shaman closely misses your iron imp.
The gnoll sergeant barely misses you.
You barely miss the gnoll sergeant.
The gnoll sergeant is severely wounded.
The gnoll shaman hits your iron imp with a +0 club.
The gnoll sergeant hits you with a +0 trident!
You die...
Xom laughs nastily!

#..........#....##...#
#..............(....#
...........g.#.###
...............#
........##...### #.......##
#...# .... .#...## #...#
.... >....######...# .....
#.....g5@ggg#.##
.....###..#.########...
............# ##....#
......#....# #).....#
.........)# .......#
.........#.#######..#..#..
.......###..).##).#...#...#
....... #..#...#...# .....#
##...#.§.#...#


You could see a gnoll sergeant (ally target), a gnoll shaman, 2 gnolls and a
friendly iron imp (summoned).

Vanquished Creatures
  Natasha (D:3)
  2 iguanas
  An orc wizard (D:5)
  Robin (D:3)
  A howler monkey skeleton (D:3)
  5 adders
  3 gnolls (D:5)
  An ufetubus (D:3)
  3 dart slugs
  8 orcs
  4 ball pythons
  3 endoplasms
  4 giant cockroaches
  7 goblins
  6 hobgoblins
  4 quokkas
  4 bats
  A frilled lizard (D:3)
  9 kobolds
  11 rats
79 creatures vanquished.

Vanquished Creatures (collateral kills)
  A necrophage (D:4)
  A gnoll (D:5)
2 creatures vanquished.

Vanquished Creatures (others)
  A scorpion (D:4)
1 creature vanquished.

Grand Total: 82 creatures vanquished

Notes
Turn   | Place    | Note
-------+----------+-------------------------------------------
     0 | D:1      | tsouns the Gargoyle Chaos Knight began the quest for the
                  | Orb.
     0 | D:1      | Reached XP level 1. HP: 14/14 MP: 1/1
   202 | D:1      | Reached XP level 2. HP: 19/19 MP: 2/2
   518 | D:1      | XOM: divination: detect items
   789 | D:2      | XOM: silly message
   843 | D:2      | Reached XP level 3. HP: 24/24 MP: 3/3
   975 | D:2      | Found Ewilaewny's Magic Scroll Boutique.
   982 | D:2      | Bought a scroll of identify for 20 gold pieces
   982 | D:2      | Bought a scroll of teleportation for 30 gold pieces
   982 | D:2      | Bought a scroll of fear for 35 gold pieces
  1005 | D:2      | XOM: silly message
  1094 | D:2      | Found a faded altar of an unknown god.
  1491 | D:2      | XOM: 2-stop teleportation journey
  1673 | D:2      | XOM: give mutations
  1673 | D:2      | Gained mutation: You evolve. [Xom's grace]
  1673 | D:2      | Gained mutation: You have a pair of small antennae on your
                  | head. [Xom's grace]
  1673 | D:2      | Gained mutation: Your flesh is heat resistant. (rF+) [Xom's
                  | grace]
  1673 | D:2      | Gained mutation: You are robust. (+10% HP) [Xom's grace]
  1943 | D:3      | Reached skill level 4 in Maces & Flails
  1976 | D:3      | XOM: confusion
  1985 | D:3      | Reached XP level 4. HP: 31/31 MP: 4/4
  2140 | D:3      | XOM: noise
  2152 | D:3      | XOM: fog
  2200 | D:3      | Noticed Robin
  2221 | D:3      | Killed Robin
  2515 | D:3      | Found a stormy altar of Qazlal.
  2747 | D:3      | Noticed Natasha
  2748 | D:3      | XOM: stat loss: -1 Dex (8/9)
  2757 | D:3      | Killed Natasha
  2758 | D:3      | Reached XP level 5. HP: 32/36 MP: 5/5
  2787 | D:3      | XOM: summons 3 hostile demons
  2788 | D:3      | Noticed a hellwing
  2788 | D:3      | Noticed a sixfirhy
  3061 | D:4      | XOM: enchant monster (bad)
  3075 | D:4      | XOM: divine lightning
  3331 | D:4      | Found a white marble altar of Elyvilon.
  3332 | D:4      | Found an opulent altar of Gozag.
  3432 | D:4      | XOM: noise
  3502 | D:4      | XOM: god gift: book of Callings
  3509 | D:4      | Noticed a necrophage
  3523 | D:4      | XOM: summons 5 friendly demons
  3525 | D:4      | Killed a necrophage
  3526 | D:4      | Reached skill level 5 in Maces & Flails
  3526 | D:4      | Reached XP level 6. HP: 7/42 MP: 6/6
  3825 | D:4      | XOM: scenery: summon butterflies
  3879 | D:4      | Found a shimmering altar of Xom.
  3995 | D:4      | XOM: give mutations
  3995 | D:4      | Gained mutation: You are dopey. (Int -2) [Xom's mischief]
  4074 | D:5      | Entered Level 5 of the Dungeon
  4143 | D:5      | XOM: 7-stop teleportation journey
  4147 | D:5      | XOM: confuse monster(s)
  4148 | D:5      | XOM: scenery: create altars
  4184 | D:5      | XOM: summons 2 friendly demons
  4201 | D:5      | Slain by a gnoll sergeant

Illustrated notes

Levels and vault maps discovered:
D:1:      dpeg_arrival_tiny_a, layout_loops_cross, minmay_pentomino_s4
D:2:      layout_loops_corners, hellmonk_ecumenical_altar_zigzags, serial_shops,
          shop
D:3:      layout_basic, nicolae_qazlal_scattered_showers, serial_park_tiny_1,
          uniq_robin, uniq_natasha
D:4:      layout_rooms, nicolae_overflow_crystal_walls,
          nicolae_overflow_hidden_temple
D:5:      layout_rooms, hex_large

Skill      XL: |  1  2  3  4  5  6 |
---------------+-------------------+-----
Maces & Flails | 4 5 |  5.5
Armour         | 3 4 |  4.2
Fighting       | 4 |  4.8
Dodging        | |  0.7

Action                   |  1- 3 |  4- 6 || total
-------------------------+-------+-------++-------
Melee: Mace              |   108 |   127 ||   235
       Flail             |       |    76 ||    76
  Use: Scroll            |     1 |     9 ||    10
       Potion            |       |     6 ||     6
Armor: Leather armour    |    14 |       ||    14
       Chain mail        |    45 |   133 ||   178
Dodge: Dodged            |    51 |    84 ||   135

Table legend: (Time is in decaauts)
 A = Elapsed time spent in this place.
 B = Non-inter-level travel time spent in this place.
 C = Inter-level travel time spent in this place.
 D = Time resting spent in this place.
 E = Time spent auto-exploring this place.
 F = Levels seen in this place.
 G = Mean time per level.
                   A        B        C        D        E       F      G
               +--------+--------+--------+--------+--------+-----+--------+
         Total |   4257 |   4174 |     83 |    219 |   3215 |   5 |  851.4 |
       Dungeon |   4257 |   4174 |     83 |    219 |   3215 |   5 |  851.4 |
               +--------+--------+--------+--------+--------+-----+--------+

Top non-repeatable levels by time:
     D:3: 1224 daAuts
     D:2: 1114 daAuts
     D:4: 1034 daAuts
     D:1: 749 daAuts
     D:5: 133 daAuts
